TOP OF THE 1ST |
Detroit (APP) Tigers batting - Pitching for Princeton Rays : RHP Jesus Valdivia
|
Pitching: RHP Jesus Valdivia
|
|
Batting: RHB Billy Verdusco
|
0-0: Ball 1-0: Called Strike 1-1: Ball 2-1: Ball 3-1: Swinging Strike 3-2: Fly out, F8 (Flyball, 8LD, EV 98.1 MPH)
|
Batting: RHB Ernst Meloche
|
0-0: Called Strike 0-1: SOLO HOME RUN (Flyball, 78XD, EV 99.4 MPH), Distance : 390 ft
|
Batting: RHB Brandon Everett
|
0-0: Fly out, F5 (Line Drive, 5, EV 72.5 MPH)
|
Batting: RHB Nate Dabney
|
0-0: Foul Ball, location: 2F 0-1: Ground out 6-3 (Groundball, 56, EV 105.0 MPH)
|
Top of the 1st over - 1 run, 1 hit, 0 errors, 0 left on base; Detroit (APP) 1 - Princeton 0 |
BOTTOM OF THE 1ST |
Princeton Rays batting - Pitching for Detroit (APP) Tigers : LHP Jayden Carey
|
Pitching: LHP Jayden Carey
|
|
Batting: RHB Adam Turpin
|
0-0: Called Strike 0-1: Ball 1-1: Called Strike 1-2: Foul Ball, location: 2F 1-2: Ball 2-2: Strikes out swinging
|
Batting: RHB Roberto Aispuro
|
0-0: Fly out, F7 (Line Drive, 7, EV 91.9 MPH)
|
Batting: SHB Joshua Jackson
|
0-0: Called Strike 0-1: Called Strike 0-2: Strikes out swinging
|
Bottom of the 1st over - 0 runs, 0 hits, 0 errors, 0 left on base; Detroit (APP) 1 - Princeton 0 |
TOP OF THE 2ND |
Detroit (APP) Tigers batting - Pitching for Princeton Rays : RHP Jesus Valdivia
|
Batting: RHB Norm Wood
|
0-0: Ball 1-0: Ball 2-0: SOLO HOME RUN (Line Drive, 7D, EV 96.9 MPH), Distance : 371 ft
|
Batting: RHB Kevin Steed
|
0-0: Called Strike 0-1: Called Strike 0-2: Fly out, F9 (Line Drive, 9, EV 100.6 MPH)
|
Batting: LHB Glen Boyle
|
0-0: Ball 1-0: Called Strike 1-1: Ball 2-1: Fly out, F9 (Flyball, 9, EV 85.0 MPH)
|
Batting: LHB Isao Fukui
|
0-0: Fly out, F7 (Flyball, 7D, EV 103.8 MPH)
|
Top of the 2nd over - 1 run, 1 hit, 0 errors, 0 left on base; Detroit (APP) 2 - Princeton 0 |
BOTTOM OF THE 2ND |
Princeton Rays batting - Pitching for Detroit (APP) Tigers : LHP Jayden Carey
|
Batting: RHB Jason Penfield
|
0-0: Called Strike 0-1: Fly out, F7 (Flyball, 7S, EV 86.9 MPH)
|
Batting: RHB Alex Koral
|
0-0: Ball 1-0: Called Strike 1-1: Swinging Strike 1-2: Strikes out swinging
|
Batting: RHB Jim Erdody
|
0-0: Ball 1-0: DOUBLE (Line Drive, 89M, EV 106.2 MPH) - OUT at third base trying to stretch hit.
|
Bottom of the 2nd over - 0 runs, 1 hit, 0 errors, 0 left on base; Detroit (APP) 2 - Princeton 0 |
TOP OF THE 3RD |
Detroit (APP) Tigers batting - Pitching for Princeton Rays : RHP Jesus Valdivia
|
Batting: LHB Timotheus Young
|
0-0: Ball 1-0: Ball 2-0: Called Strike 2-1: Fly out, F8 (Flyball, 8LD, EV 100.6 MPH)
|
Batting: RHB Billy Verdusco
|
0-0: Called Strike 0-1: Swinging Strike 0-2: Ball 1-2: Ball 2-2: Strikes out swinging
|
Batting: RHB Ernst Meloche
|
0-0: Called Strike 0-1: Ball 1-1: Foul Ball, location: 2F 1-2: Foul Ball, location: 2F 1-2: Ball 2-2: Strikes out swinging
|
Top of the 3rd over - 0 runs, 0 hits, 0 errors, 0 left on base; Detroit (APP) 2 - Princeton 0 |
BOTTOM OF THE 3RD |
Princeton Rays batting - Pitching for Detroit (APP) Tigers : LHP Jayden Carey
|
Batting: RHB Bobby Ross
|
0-0: DOUBLE (Line Drive, 5D, EV 103.1 MPH)
|
Pinch Runner at 2nd Octavio Cuevas:
|
|
Batting: RHB Bogumil Filipowski
|
0-0: Called Strike 0-1: Foul Ball, location: 2F 0-2: Ball 1-2: Foul Ball, location: 2F 1-2: Strikes out swinging
|
Batting: LHB Sean Boenig
|
0-0: Foul Ball, location: 2F 0-1: Foul Ball, location: 2F 0-2: Ball 1-2: Foul Ball, location: 2F 1-2: Ground out 1-3 (Groundball, 34S, EV 78.1 MPH) Octavio Cuevas to third
|
Batting: RHB Adam Turpin
|
0-0: Ball 1-0: Ball 2-0: Fly out, F9 (Flyball, 89S, EV 92.5 MPH)
|
Bottom of the 3rd over - 0 runs, 1 hit, 0 errors, 1 left on base; Detroit (APP) 2 - Princeton 0 |
TOP OF THE 4TH |
Detroit (APP) Tigers batting - Pitching for Princeton Rays : RHP Jesus Valdivia
|
Now at C: Octavio Cuevas
|
|
Batting: RHB Brandon Everett
|
0-0: Called Strike 0-1: Ball 1-1: Swinging Strike 1-2: Foul Ball, location: 2F 1-2: Ground out 4-3 (Groundball, 4S, EV 88.1 MPH)
|
Batting: RHB Nate Dabney
|
0-0: Ball 1-0: DOUBLE (Line Drive, 9LS, EV 94.4 MPH)
|
Batting: RHB Norm Wood
|
0-0: Called Strike 0-1: DOUBLE (Groundball, 3L, EV 105.0 MPH) Nate Dabney scores
|
Batting: RHB Kevin Steed
|
0-0: Called Strike 0-1: Foul Ball, location: 2F 0-2: Strikes out swinging
|
Batting: LHB Glen Boyle
|
0-0: Ball 1-0: Ball 2-0: Foul Ball, location: 2F 2-1: Ball 3-1: Called Strike 3-2: Ground out 4-3 (Groundball, 4M, EV 88.8 MPH)
|
Top of the 4th over - 1 run, 2 hits, 0 errors, 1 left on base; Detroit (APP) 3 - Princeton 0 |
BOTTOM OF THE 4TH |
Princeton Rays batting - Pitching for Detroit (APP) Tigers : LHP Jayden Carey
|
Batting: RHB Roberto Aispuro
|
0-0: Foul Ball, location: 2F 0-1: Ball 1-1: Foul Ball, location: 2F 1-2: Ball 2-2: Foul Ball, location: 2F 2-2: Foul Ball, location: 2F 2-2: Ball 3-2: SINGLE (Line Drive, 4MD, EV 94.4 MPH)
|
Batting: SHB Joshua Jackson
|
0-0: Foul Ball, location: 2F 0-1: Foul Ball, location: 2F 0-2: Ball 1-2: Foul Ball, location: 2F 1-2: Strikes out swinging
|
Batting: RHB Jason Penfield
|
0-0: Ball 1-0: Ball 2-0: Called Strike 2-1: Foul Ball, location: 2F 2-2: Strikes out looking
|
Batting: RHB Alex Koral
|
0-0: Called Strike 0-1: Fly out, F3 (Popup, 3F, EV 67.5 MPH)
|
Bottom of the 4th over - 0 runs, 1 hit, 0 errors, 1 left on base; Detroit (APP) 3 - Princeton 0 |
TOP OF THE 5TH |
Detroit (APP) Tigers batting - Pitching for Princeton Rays : RHP Jesus Valdivia
|
Batting: LHB Isao Fukui
|
0-0: Ball 1-0: Foul Ball, location: 2F 1-1: Ball 2-1: Ball 3-1: Base on Balls
|
Batting: LHB Timotheus Young
|
0-0: Foul Ball, location: 2F 0-1: Foul Ball, location: 2F 0-2: Ball 1-2: Hit by Pitch Isao Fukui to second
|
Batting: RHB Billy Verdusco
|
0-0: Ball 1-0: Called Strike 1-1: Ball 2-1: Ball 3-1: 3-RUN HOME RUN (Flyball, 78XD, EV 105.0 MPH), Distance : 408 ft
|
Pitching: RHP Mike Oliver
|
|
Batting: RHB Ernst Meloche
|
0-0: Ball 1-0: Ground out U3 (Groundball, 34S, EV 79.4 MPH)
|
Batting: RHB Brandon Everett
|
0-0: SINGLE (Groundball, 34S, EV 66.9 MPH) (infield hit)
|
Batting: RHB Nate Dabney
|
0-0: Called Strike 0-1: Swinging Strike 0-2: Ball 1-2: Ball 2-2: Strikes out swinging
|
Batting: RHB Norm Wood
|
0-0: Swinging Strike 0-1: Called Strike 0-2: Ball 1-2: Ball 2-2: Strikes out looking
|
Top of the 5th over - 3 runs, 2 hits, 0 errors, 1 left on base; Detroit (APP) 6 - Princeton 0 |
BOTTOM OF THE 5TH |
Princeton Rays batting - Pitching for Detroit (APP) Tigers : LHP Jayden Carey
|
Batting: RHB Jim Erdody
|
0-0: Ball 1-0: Called Strike 1-1: Foul Ball, location: 2F 1-2: Ground out 6-3 (Groundball, 6, EV 93.8 MPH)
|
Batting: RHB Octavio Cuevas
|
0-0: Ball 1-0: Called Strike 1-1: Foul Ball, location: 2F 1-2: Fly out, F8 (Flyball, 8RD, EV 89.4 MPH)
|
Batting: RHB Bogumil Filipowski
|
0-0: Called Strike 0-1: Ball 1-1: Foul Ball, location: 2F 1-2: Foul Ball, location: 2F 1-2: Strikes out swinging
|
Bottom of the 5th over - 0 runs, 0 hits, 0 errors, 0 left on base; Detroit (APP) 6 - Princeton 0 |
TOP OF THE 6TH |
Detroit (APP) Tigers batting - Pitching for Princeton Rays : RHP Mike Oliver
|
Batting: RHB Kevin Steed
|
0-0: Called Strike 0-1: Ball 1-1: Ball 2-1: Ball 3-1: Reached on error, E6 (Groundball, 56, EV 90.6 MPH)
|
Batting: LHB Glen Boyle
|
0-0: Ball 1-0: Called Strike 1-1: Ball 2-1: Foul Ball, location: 2F 2-2: Strikes out swinging
|
Batting: LHB Isao Fukui
|
0-0: Called Strike 0-1: Swinging Strike 0-2: Ball 1-2: Strikes out swinging
|
Batting: LHB Timotheus Young
|
0-0: Called Strike 0-1: Swinging Strike 0-2: Ball 1-2: Ball 2-2: Foul Ball, location: 2F 2-2: Ball 3-2: Strikes out looking
|
Top of the 6th over - 0 runs, 0 hits, 1 error, 1 left on base; Detroit (APP) 6 - Princeton 0 |
BOTTOM OF THE 6TH |
Princeton Rays batting - Pitching for Detroit (APP) Tigers : LHP Jayden Carey
|
Batting: LHB Sean Boenig
|
0-0: Ground out 4-3 (Groundball, 4, EV 91.2 MPH)
|
Batting: RHB Adam Turpin
|
0-0: Ball 1-0: Ground out 6-3 (Groundball, 6MS, EV 73.1 MPH)
|
Batting: RHB Roberto Aispuro
|
0-0: Ball 1-0: SINGLE (Groundball, 34D, EV 105.0 MPH)
|
Batting: SHB Joshua Jackson
|
0-0: Ball 1-0: DOUBLE (Flyball, 89D, EV 109.4 MPH) Roberto Aispuro to third
|
Batting: RHB Jason Penfield
|
0-0: Ball 1-0: Swinging Strike 1-1: Hit by Pitch
|
Pinch Runner at 1st Luis Verduzco:
|
|
Batting: RHB Alex Koral
|
0-0: Called Strike 0-1: Foul Ball, location: 2F 0-2: Strikes out swinging
|
Bottom of the 6th over - 0 runs, 2 hits, 0 errors, 3 left on base; Detroit (APP) 6 - Princeton 0 |
TOP OF THE 7TH |
Detroit (APP) Tigers batting - Pitching for Princeton Rays : RHP Mike Oliver
|
Now at 1B: Luis Verduzco
|
|
Batting: RHB Billy Verdusco
|
0-0: Foul Ball, location: 2F 0-1: Ball 1-1: Foul Ball, location: 2F 1-2: Ball 2-2: Foul Ball, location: 2F 2-2: SINGLE (Groundball, 4D, EV 96.9 MPH)
|
Batting: RHB Ernst Meloche
|
0-0: Called Strike 0-1: Foul Ball, location: 2F 0-2: Ball 1-2: Ball 2-2: Ball 3-2: Strikes out swinging
|
Batting: RHB Brandon Everett
|
0-0: Ball 1-0: Ball 2-0: Called Strike 2-1: Grounds into double play, 5-4-3 (Groundball, 56S, EV 87.5 MPH)
|
Top of the 7th over - 0 runs, 1 hit, 0 errors, 0 left on base; Detroit (APP) 6 - Princeton 0 |
BOTTOM OF THE 7TH |
Princeton Rays batting - Pitching for Detroit (APP) Tigers : LHP Jayden Carey
|
Batting: RHB Jim Erdody
|
0-0: Foul Ball, location: 2F 0-1: Ball 1-1: Called Strike 1-2: Strikes out looking
|
Batting: RHB Octavio Cuevas
|
0-0: Called Strike 0-1: Called Strike 0-2: Ball 1-2: Foul Ball, location: 2F 1-2: Foul Ball, location: 2F 1-2: Strikes out swinging
|
Batting: RHB Bogumil Filipowski
|
0-0: Foul Ball, location: 2F 0-1: Swinging Strike 0-2: Strikes out swinging
|
Bottom of the 7th over - 0 runs, 0 hits, 0 errors, 0 left on base; Detroit (APP) 6 - Princeton 0 |
TOP OF THE 8TH |
Detroit (APP) Tigers batting - Pitching for Princeton Rays : RHP Mike Oliver
|
Batting: RHB Nate Dabney
|
0-0: Swinging Strike 0-1: Ball 1-1: Foul Ball, location: 2F 1-2: Foul Ball, location: 2F 1-2: Strikes out swinging
|
Batting: RHB Norm Wood
|
0-0: Ball 1-0: Ball 2-0: Ball 3-0: Base on Balls
|
Pitching: LHP Ryan Folks
|
|
Batting: RHB Kevin Steed
|
0-0: Called Strike 0-1: Ball 1-1: Called Strike 1-2: Strikes out swinging
|
Batting: LHB Glen Boyle
|
0-0: Ball 1-0: Foul Ball, location: 2F 1-1: Called Strike 1-2: Ball 2-2: Strikes out looking
|
Top of the 8th over - 0 runs, 0 hits, 0 errors, 1 left on base; Detroit (APP) 6 - Princeton 0 |
BOTTOM OF THE 8TH |
Princeton Rays batting - Pitching for Detroit (APP) Tigers : LHP Jayden Carey
|
Pinch Hitting: RHB Wan-ling Zhu
|
0-0: Ball 1-0: Ball 2-0: Ball 3-0: Base on Balls
|
Batting: RHB Adam Turpin
|
0-0: Swinging Strike 0-1: Called Strike 0-2: Ball 1-2: Foul Ball, location: 2F 1-2: Strikes out looking
|
Batting: RHB Roberto Aispuro
|
0-0: Ball 1-0: Called Strike 1-1: Foul Ball, location: 2F 1-2: SINGLE (Line Drive, 9S, EV 91.2 MPH) Wan-ling Zhu to second Runner from 2nd tries for 3rd, SAFE, throw by RF made to third
|
Pitching: RHP Alex Amparo
|
|
Batting: SHB Joshua Jackson
|
0-0: Ball 1-0: Fly out, F8 (Flyball, 8LM, EV 83.8 MPH)
|
Batting: SHB Luis Verduzco
|
0-0: Foul Ball, location: 2F 0-1: Foul Ball, location: 2F 0-2: Strikes out swinging
|
Bottom of the 8th over - 0 runs, 1 hit, 0 errors, 2 left on base; Detroit (APP) 6 - Princeton 0 |
TOP OF THE 9TH |
Detroit (APP) Tigers batting - Pitching for Princeton Rays : LHP Ryan Folks
|
Now in CF: Berthold Frey
|
|
Batting: LHB Isao Fukui
|
0-0: Ball 1-0: Ground out 6-3 (Groundball, P, EV 89.4 MPH)
|
Batting: LHB Timotheus Young
|
0-0: Ball 1-0: Foul Ball, location: 2F 1-1: Swinging Strike 1-2: Ball 2-2: Foul Ball, location: 2F 2-2: Ground out 5-3 (Groundball, 25, EV 78.8 MPH)
|
Batting: RHB Billy Verdusco
|
0-0: Ball 1-0: Ball 2-0: Ball 3-0: Base on Balls
|
Batting: RHB Ernst Meloche
|
0-0: Foul Ball, location: 2F 0-1: SINGLE (Groundball, 34D, EV 106.2 MPH) Billy Verdusco to second Runner from 2nd tries for 3rd, SAFE, throw by RF made to third
|
Batting: RHB Brandon Everett
|
0-0: Ball 1-0: Called Strike 1-1: Ball 2-1: SINGLE (Line Drive, 9LS, EV 93.8 MPH) Billy Verdusco scores Ernst Meloche to second Runner from 2nd tries for 3rd, SAFE, throw by RF made to third
|
Batting: RHB Nate Dabney
|
0-0: Ball 1-0: Called Strike 1-1: Swinging Strike 1-2: Foul Ball, location: 2F 1-2: Ball 2-2: Foul Ball, location: 2F 2-2: Strikes out swinging
|
Top of the 9th over - 1 run, 2 hits, 0 errors, 2 left on base; Detroit (APP) 7 - Princeton 0 |
BOTTOM OF THE 9TH |
Princeton Rays batting - Pitching for Detroit (APP) Tigers : RHP Alex Amparo
|
Batting: RHB Alex Koral
|
0-0: SINGLE (Line Drive, 78S, EV 113.1 MPH)
|
Batting: RHB Jim Erdody
|
0-0: Called Strike 0-1: Called Strike 0-2: Strikes out swinging
|
Pinch Hitting: LHB Oscar Curiel
|
0-0: Ball Wild Pitch! Alex Koral to second 1-0: Ball 2-0: Ground out U3 (Groundball, 3S, EV 80.6 MPH) Alex Koral to third
|
Pinch Hitting: LHB Dave Northam
|
0-0: Ball 1-0: SINGLE (Groundball, 6S, EV 70.0 MPH) (infield hit) Alex Koral scores
|
Batting: SHB Berthold Frey
|
0-0: Called Strike 0-1: Swinging Strike 0-2: Foul Ball, location: 2F 0-2: Ball 1-2: Strikes out swinging
|
Bottom of the 9th over - 1 run, 2 hits, 0 errors, 1 left on base; Detroit (APP) 7 - Princeton 1 |
|